[ PARTIDA AOE2 · #480197508 ]
Team RMIndostaníes vs Huns
[ ANÁLISIS DE REPETICIÓN · EXTRAÍDO DE LA PARTIDA GRABADA ]
Feudal
11:51
Castillos
17:59
Imperial
30:46
| APM promedio | 23.8 |
| APM pico | 132 |
| eAPM promedio | 17.9 |
| Aldeanos / militares | 225 / 664 |
Foco
⚔️ 32.8% · 🌾 67.2%
Camel Scout ×491 · Scout Cavalry ×120 · Ghulam ×44 · Trade Cart ×33 · Trebuchet (Packed) ×8 · Monk ×1
Feudal
12:06
Castillos
17:27
Imperial
34:15
| APM promedio | 20.1 |
| APM pico | 69 |
| eAPM promedio | 13.0 |
| Aldeanos / militares | 117 / 720 |
Foco
⚔️ 41.5% · 🌾 58.5%
Tarkan ×417 · Spearman ×303 · Trade Cart ×45
Feudal
14:08
Castillos
17:57
Imperial
22:13
| APM promedio | 18.4 |
| APM pico | 54 |
| eAPM promedio | 11.1 |
| Aldeanos / militares | 106 / 148 |
Foco
⚔️ 21.6% · 🌾 78.4%
Iron Pagoda ×83 · Chu Ko Nu ×65 · Trade Cart ×17
Feudal
12:30
Castillos
22:13
Imperial
33:32
| APM promedio | 25.8 |
| APM pico | 57 |
| eAPM promedio | 22.6 |
| Aldeanos / militares | 137 / 871 |
Foco
⚔️ 35.1% · 🌾 64.9%
Knight ×524 · Scout Cavalry ×233 · Spearman ×114 · Trade Cart ×37
Feudal
9:52
Castillos
15:01
Imperial
30:09
| APM promedio | 40.4 |
| APM pico | 90 |
| eAPM promedio | 22.6 |
| Aldeanos / militares | 159 / 429 |
Foco
⚔️ 35.2% · 🌾 64.8%
Battle Elephant ×425 · Trade Cart ×42 · Bombard Cannon ×3 · Monk ×1
Feudal
11:39
Castillos
17:05
Imperial
32:09
| APM promedio | 28.3 |
| APM pico | 78 |
| eAPM promedio | 16.0 |
| Aldeanos / militares | 124 / 257 |
Foco
⚔️ 52.5% · 🌾 47.5%
Scorpion ×122 · Knight ×68 · Ballista Elephant ×64 · Trade Cart ×19 · Trebuchet (Packed) ×3
Feudal
9:41
Castillos
21:21
Imperial
41:04
| APM promedio | 16.5 |
| APM pico | 54 |
| eAPM promedio | 13.6 |
| Aldeanos / militares | 127 / 321 |
Foco
⚔️ 52.4% · 🌾 47.6%
Spearman ×143 · Janissary ×127 · Militia ×25 · Bombard Cannon ×20 · Monk ×4 · Trebuchet (Packed) ×2
Feudal
10:37
Castillos
17:54
Imperial
35:04
| APM promedio | 32.6 |
| APM pico | 114 |
| eAPM promedio | 19.8 |
| Aldeanos / militares | 145 / 652 |
Foco
⚔️ 60.5% · 🌾 39.5%
Archer ×648 · Trade Cart ×41 · War Elephant ×4
Mapa de la partida
Recursos al inicio + cada clic de construcción. Línea gruesa = muro · recuadro discontinuo = muro de casas detectado. 🟡 oro · ⚪ piedra · 🟢 bayas · 🔶 jabalí · ⭕ reliquia
Inputs por minuto
— Creavite - - yuansen
Build order — Creavite
Primeras 150 de 668 acciones detectadas
| 0:01 | Crear | Villager (Male) |
| 0:02 | Crear | Villager (Male) |
| 0:02 | Crear | Villager (Male) |
| 0:02 | Crear | Villager (Male) |
| 0:04 | Construir | House |
| 0:07 | Construir | House |
| 1:21 | Crear | Villager (Male) |
| 1:21 | Crear | Villager (Male) |
| 1:31 | Crear | Villager (Male) |
| 1:31 | Crear | Villager (Male) |
| 2:04 | Crear | Villager (Male) |
| 2:05 | Crear | Villager (Male) |
| 2:09 | Construir | Lumber Camp |
| 2:17 | Crear | Villager (Male) |
| 2:17 | Crear | Villager (Male) |
| 3:01 | Crear | Villager (Male) |
| 3:01 | Crear | Villager (Male) |
| 3:43 | Construir | House |
| 3:44 | Crear | Villager (Male) |
| 3:45 | Crear | Villager (Male) |
| 3:54 | Crear | Villager (Male) |
| 4:28 | Construir | House |
| 4:36 | Crear | Villager (Male) |
| 4:37 | Crear | Villager (Male) |
| 4:45 | Crear | Villager (Male) |
| 4:45 | Crear | Villager (Male) |
| 5:09 | Construir | House |
| 5:25 | Crear | Villager (Male) |
| 5:25 | Crear | Villager (Male) |
| 5:45 | Crear | Villager (Male) |
| 5:45 | Crear | Villager (Male) |
| 6:00 | Construir | Mill |
| 6:21 | Crear | Villager (Male) |
| 6:22 | Crear | Villager (Male) |
| 6:33 | Crear | Villager (Male) |
| 6:33 | Crear | Villager (Male) |
| 6:56 | Crear | Villager (Male) |
| 6:56 | Crear | Villager (Male) |
| 6:56 | Crear | Villager (Male) |
| 6:57 | Crear | Villager (Male) |
| 6:57 | Crear | Villager (Male) |
| 6:57 | Crear | Villager (Male) |
| 7:47 | Crear | Villager (Male) |
| 7:58 | Construir | Lumber Camp |
| 8:00 | Crear | Villager (Male) |
| 8:32 | Crear | Villager (Male) |
| 9:20 | Investigar | Feudal Age |
| 9:20 | Investigar | Feudal Age |
| 9:48 | Construir | Mill |
| 10:13 | Construir | House |
| 10:40 | Construir | Farm |
| 10:41 | Construir | Farm |
| 10:42 | Construir | Farm |
| 10:50 | Crear | Villager (Male) |
| 10:50 | Crear | Villager (Male) |
| 11:51 | Edad | Edad Feudal |
| 11:57 | Construir | Blacksmith |
| 12:00 | Construir | Market |
| 12:11 | Construir | Market |
| 12:24 | Crear | Villager (Male) |
| 12:40 | Construir | Farm |
| 12:40 | Construir | Farm |
| 12:40 | Construir | Farm |
| 12:41 | Construir | Farm |
| 12:41 | Construir | Farm |
| 12:45 | Investigar | Loom |
| 12:55 | Construir | Farm |
| 13:15 | Construir | Farm |
| 13:17 | Construir | Farm |
| 13:41 | Crear | Villager (Male) |
| 13:41 | Crear | Villager (Male) |
| 14:07 | Construir | Farm |
| 14:54 | Crear | Villager (Male) |
| 15:02 | Investigar | Castle Age |
| 15:14 | Construir | Mining Camp |
| 15:26 | Investigar | Double-Bit Axe |
| 15:29 | Investigar | Horse Collar |
| 15:56 | Crear | Villager (Male) |
| 15:56 | Crear | Villager (Male) |
| 16:03 | Investigar | Gold Mining |
| 16:16 | Construir | House |
| 16:19 | Construir | House |
| 17:15 | Construir | House |
| 17:16 | Construir | House |
| 17:59 | Edad | Edad de los Castillos |
| 18:04 | Construir | Town Center |
| 18:18 | Construir | Town Center |
| 18:31 | Investigar | Wheelbarrow |
| 18:39 | Investigar | Bow Saw |
| 18:59 | Crear | Villager (Male) |
| 19:08 | Investigar | Gold Shaft Mining |
| 19:18 | Investigar | Heavy Plow |
| 19:30 | Crear | Villager (Male) |
| 19:35 | Crear | Villager (Male) |
| 19:40 | Crear | Villager (Male) |
| 19:41 | Crear | Villager (Male) |
| 19:56 | Crear | Villager (Male) |
| 19:57 | Crear | Villager (Male) |
| 20:17 | Crear | Villager (Male) |
| 20:17 | Crear | Villager (Male) |
| 20:21 | Crear | Villager (Male) |
| 20:21 | Crear | Villager (Male) |
| 20:31 | Construir | Town Center |
| 20:43 | Crear | Villager (Male) |
| 20:44 | Crear | Villager (Male) |
| 20:45 | Crear | Villager (Male) |
| 20:45 | Crear | Villager (Male) |
| 20:50 | Crear | Villager (Male) |
| 21:06 | Construir | Monastery |
| 21:15 | Construir | University |
| 21:24 | Crear | Villager (Male) |
| 21:24 | Crear | Villager (Male) |
| 21:25 | Crear | Villager (Male) |
| 21:25 | Crear | Villager (Male) |
| 21:35 | Construir | Mining Camp |
| 22:00 | Crear | Villager (Male) |
| 22:01 | Crear | Villager (Male) |
| 22:14 | Investigar | Hand Cart |
| 22:17 | Crear | Monk |
| 22:20 | Construir | House |
| 22:20 | Construir | House |
| 22:28 | Crear | Villager (Male) |
| 22:28 | Crear | Villager (Male) |
| 22:29 | Crear | Villager (Male) |
| 22:29 | Crear | Villager (Male) |
| 22:37 | Construir | Mining Camp |
| 22:51 | Construir | Farm |
| 22:51 | Construir | Farm |
| 22:51 | Construir | Farm |
| 22:52 | Construir | Farm |
| 22:52 | Construir | Farm |
| 23:01 | Construir | Farm |
| 23:01 | Construir | Farm |
| 23:01 | Construir | Farm |
| 23:01 | Construir | Farm |
| 23:02 | Construir | Farm |
| 23:04 | Crear | Villager (Male) |
| 23:04 | Crear | Villager (Male) |
| 23:04 | Crear | Villager (Male) |
| 23:08 | Crear | Villager (Male) |
| 23:08 | Crear | Villager (Male) |
| 23:14 | Construir | Farm |
| 23:14 | Construir | Farm |
| 23:14 | Construir | Farm |
| 23:14 | Construir | Farm |
| 23:15 | Construir | Farm |
| 23:15 | Construir | Farm |
| 23:15 | Construir | Farm |
| 23:20 | Crear | Villager (Male) |
| 23:26 | Construir | House |
Build order — yuansen
Primeras 150 de 404 acciones detectadas
| 0:15 | Crear | Villager (Male) |
| 0:15 | Crear | Villager (Male) |
| 0:16 | Crear | Villager (Male) |
| 0:16 | Crear | Villager (Male) |
| 0:16 | Crear | Villager (Male) |
| 1:42 | Crear | Villager (Male) |
| 1:42 | Crear | Villager (Male) |
| 2:17 | Crear | Villager (Male) |
| 2:17 | Crear | Villager (Male) |
| 3:04 | Crear | Villager (Male) |
| 3:05 | Crear | Villager (Male) |
| 3:05 | Crear | Villager (Male) |
| 3:19 | Crear | Villager (Male) |
| 3:19 | Crear | Villager (Male) |
| 3:49 | Crear | Villager (Male) |
| 3:50 | Crear | Villager (Male) |
| 4:32 | Construir | Mill |
| 4:35 | Crear | Villager (Male) |
| 4:35 | Crear | Villager (Male) |
| 5:17 | Crear | Villager (Male) |
| 5:18 | Crear | Villager (Male) |
| 5:18 | Crear | Villager (Male) |
| 5:18 | Crear | Villager (Male) |
| 6:14 | Crear | Villager (Male) |
| 6:14 | Crear | Villager (Male) |
| 6:14 | Crear | Villager (Male) |
| 6:15 | Crear | Villager (Male) |
| 6:48 | Construir | Mining Camp |
| 7:14 | Crear | Villager (Male) |
| 7:14 | Crear | Villager (Male) |
| 7:34 | Construir | Lumber Camp |
| 7:58 | Crear | Villager (Male) |
| 7:58 | Crear | Villager (Male) |
| 7:59 | Crear | Villager (Male) |
| 7:59 | Crear | Villager (Male) |
| 8:44 | Crear | Villager (Male) |
| 8:44 | Crear | Villager (Male) |
| 9:16 | Construir | Mining Camp |
| 9:56 | Investigar | Feudal Age |
| 10:13 | Construir | Farm |
| 10:18 | Construir | Farm |
| 10:21 | Construir | Farm |
| 10:34 | Construir | Farm |
| 11:04 | Crear | Villager (Male) |
| 11:05 | Crear | Villager (Male) |
| 12:06 | Edad | Edad Feudal |
| 12:24 | Construir | Market |
| 12:31 | Construir | Blacksmith |
| 13:00 | Crear | Villager (Male) |
| 13:17 | Crear | Villager (Male) |
| 14:47 | Investigar | Castle Age |
| 15:15 | Construir | Barracks |
| 15:45 | Construir | Farm |
| 15:47 | Construir | Farm |
| 15:49 | Construir | Farm |
| 15:51 | Construir | Farm |
| 16:28 | Construir | Farm |
| 16:29 | Construir | Farm |
| 16:32 | Construir | Farm |
| 16:38 | Construir | Farm |
| 17:27 | Edad | Edad de los Castillos |
| 17:35 | Investigar | Double-Bit Axe |
| 17:37 | Investigar | Horse Collar |
| 17:47 | Crear | Villager (Male) |
| 17:47 | Crear | Villager (Male) |
| 17:48 | Crear | Villager (Male) |
| 17:53 | Crear | Villager (Male) |
| 18:10 | Construir | Castle |
| 19:08 | Crear | Villager (Male) |
| 19:09 | Crear | Villager (Male) |
| 19:09 | Crear | Villager (Male) |
| 20:09 | Crear | Villager (Male) |
| 20:22 | Construir | Mining Camp |
| 20:33 | Construir | Farm |
| 20:46 | Construir | Farm |
| 21:37 | Investigar | Marauders |
| 21:41 | Construir | Farm |
| 21:59 | Construir | Farm |
| 22:02 | Construir | Farm |
| 23:11 | Crear | Villager (Male) |
| 23:12 | Crear | Villager (Male) |
| 23:12 | Crear | Villager (Male) |
| 23:15 | Crear | Villager (Male) |
| 23:16 | Crear | Villager (Male) |
| 23:23 | Construir | Town Center |
| 24:18 | Construir | Market |
| 24:36 | Construir | Market |
| 24:59 | Crear | Villager (Male) |
| 24:59 | Crear | Villager (Male) |
| 25:02 | Investigar | Bow Saw |
| 25:34 | Crear | Villager (Male) |
| 25:35 | Crear | Villager (Male) |
| 25:35 | Crear | Villager (Male) |
| 25:35 | Crear | Villager (Male) |
| 25:36 | Crear | Villager (Male) |
| 25:36 | Crear | Villager (Male) |
| 26:17 | Construir | Farm |
| 26:25 | Crear | Villager (Male) ×5 |
| 26:29 | Investigar | Wheelbarrow |
| 26:30 | Crear | Villager (Male) ×5 |
| 26:34 | Crear | Villager (Male) |
| 26:34 | Crear | Villager (Male) |
| 26:34 | Crear | Villager (Male) |
| 27:24 | Investigar | Heavy Plow |
| 27:53 | Construir | Stable |
| 28:02 | Construir | Farm |
| 28:09 | Crear | Villager (Male) |
| 28:09 | Crear | Villager (Male) |
| 28:09 | Crear | Villager (Male) |
| 28:10 | Crear | Villager (Male) |
| 28:20 | Construir | Lumber Camp |
| 28:25 | Construir | Farm |
| 28:47 | Crear | Villager (Male) |
| 28:47 | Crear | Villager (Male) |
| 28:48 | Crear | Villager (Male) |
| 28:50 | Investigar | Hand Cart |
| 28:51 | Investigar | Imperial Age |
| 29:09 | Construir | Stable |
| 29:29 | Investigar | Gold Mining |
| 30:15 | Construir | Lumber Camp |
| 31:03 | Construir | Stable |
| 31:05 | Construir | Stable |
| 31:09 | Construir | Farm |
| 31:12 | Construir | Farm |
| 31:15 | Construir | Farm |
| 31:17 | Construir | Farm |
| 31:21 | Crear | Villager (Male) |
| 31:39 | Crear | Villager (Male) |
| 31:40 | Crear | Villager (Male) |
| 31:40 | Crear | Villager (Male) |
| 31:47 | Construir | Town Center |
| 32:04 | Construir | Farm |
| 32:16 | Construir | Farm |
| 32:22 | Construir | Mining Camp |
| 32:45 | Construir | Stable |
| 32:50 | Construir | Stable |
| 32:53 | Construir | Stable |
| 32:55 | Construir | Stable |
| 33:00 | Construir | Stable |
| 33:11 | Construir | Stable |
| 33:24 | Construir | Farm |
| 33:26 | Construir | Farm |
| 33:29 | Crear | Villager (Male) |
| 33:29 | Crear | Villager (Male) |
| 33:29 | Crear | Villager (Male) |
| 33:30 | Crear | Villager (Male) |
| 33:36 | Crear | Villager (Male) |
| 33:41 | Investigar | Gold Shaft Mining |
| 33:47 | Investigar | Caravan |
| 33:48 | Crear | Trade Cart ×4 |
Build order — MapleMilk0_0
Primeras 150 de 334 acciones detectadas
| 0:03 | Investigar | Loom |
| 0:57 | Crear | Villager (Male) |
| 1:27 | Construir | Lumber Camp |
| 1:31 | Crear | Villager (Male) |
| 2:03 | Crear | Villager (Male) |
| 2:36 | Crear | Villager (Male) |
| 2:55 | Crear | Villager (Male) |
| 3:21 | Crear | Villager (Male) |
| 3:39 | Crear | Villager (Male) |
| 3:57 | Construir | House |
| 3:59 | Construir | House |
| 4:21 | Construir | Mill |
| 4:23 | Crear | Villager (Male) |
| 5:01 | Crear | Villager (Male) |
| 5:27 | Crear | Villager (Male) |
| 6:08 | Crear | Villager (Male) |
| 6:11 | Crear | Villager (Male) |
| 6:12 | Crear | Villager (Male) |
| 6:50 | Crear | Villager (Male) |
| 7:18 | Crear | Villager (Male) |
| 7:53 | Crear | Villager (Male) |
| 8:19 | Construir | Farm |
| 8:32 | Construir | Lumber Camp |
| 8:37 | Crear | Villager (Male) |
| 8:40 | Construir | House |
| 8:46 | Construir | Farm |
| 9:02 | Crear | Villager (Male) |
| 9:19 | Construir | Farm |
| 9:27 | Crear | Villager (Male) |
| 9:31 | Construir | Farm |
| 9:50 | Crear | Villager (Male) |
| 9:51 | Crear | Villager (Male) |
| 9:51 | Crear | Villager (Male) |
| 9:52 | Crear | Villager (Male) |
| 10:02 | Construir | Farm |
| 10:14 | Construir | House |
| 10:26 | Construir | Mining Camp |
| 11:01 | Investigar | Feudal Age |
| 11:17 | Crear | Villager (Male) |
| 11:18 | Investigar | Feudal Age |
| 11:52 | Construir | Farm |
| 11:54 | Construir | Farm |
| 11:55 | Construir | Farm |
| 12:19 | Construir | Farm |
| 12:22 | Construir | Farm |
| 12:24 | Construir | Farm |
| 12:25 | Construir | Farm |
| 12:40 | Crear | Villager (Male) |
| 12:40 | Crear | Villager (Male) |
| 12:41 | Crear | Villager (Male) |
| 14:08 | Edad | Edad Feudal |
| 14:18 | Construir | Market |
| 14:21 | Construir | Blacksmith |
| 14:56 | Construir | Farm |
| 14:58 | Construir | Farm |
| 14:59 | Construir | Farm |
| 15:00 | Construir | Farm |
| 15:01 | Construir | Farm |
| 15:02 | Construir | Farm |
| 15:18 | Investigar | Castle Age |
| 15:41 | Construir | House |
| 15:42 | Construir | House |
| 17:17 | Construir | Market |
| 17:39 | Crear | Villager (Male) |
| 17:39 | Crear | Villager (Male) |
| 17:57 | Edad | Edad de los Castillos |
| 18:09 | Construir | University |
| 18:13 | Construir | Monastery |
| 18:38 | Construir | Farm |
| 18:58 | Crear | Villager (Male) |
| 19:03 | Investigar | Imperial Age |
| 22:05 | Crear | Villager (Male) |
| 22:05 | Crear | Villager (Male) |
| 22:13 | Edad | Edad Imperial |
| 22:14 | Investigar | Double-Bit Axe |
| 22:14 | Investigar | Stone Mining |
| 22:19 | Investigar | Horse Collar |
| 22:46 | Construir | Town Center |
| 22:51 | Crear | Villager (Male) |
| 23:09 | Crear | Villager (Male) |
| 23:32 | Construir | Market |
| 23:38 | Crear | Villager (Male) |
| 23:52 | Investigar | Gold Mining |
| 23:58 | Crear | Villager (Male) |
| 24:00 | Investigar | Wheelbarrow |
| 24:01 | Investigar | Town Watch |
| 24:07 | Crear | Villager (Male) |
| 24:34 | Construir | Town Center |
| 24:40 | Construir | House |
| 24:46 | Crear | Villager (Male) |
| 24:48 | Crear | Villager (Male) |
| 24:56 | Crear | Villager (Male) |
| 25:29 | Crear | Villager (Male) |
| 25:33 | Construir | House |
| 25:37 | Crear | Trade Cart |
| 25:44 | Crear | Villager (Male) |
| 25:58 | Construir | Farm |
| 26:05 | Crear | Villager (Male) |
| 26:07 | Crear | Villager (Male) |
| 26:10 | Crear | Villager (Male) |
| 26:26 | Crear | Villager (Male) |
| 26:26 | Crear | Villager (Male) |
| 26:31 | Crear | Villager (Male) |
| 26:55 | Construir | Farm |
| 27:00 | Crear | Villager (Male) |
| 27:05 | Crear | Villager (Male) |
| 27:07 | Crear | Villager (Male) |
| 27:13 | Crear | Villager (Male) |
| 27:23 | Construir | Farm |
| 27:28 | Crear | Villager (Male) |
| 27:30 | Investigar | Bow Saw |
| 27:42 | Crear | Villager (Male) |
| 27:42 | Crear | Villager (Male) |
| 27:49 | Crear | Villager (Male) |
| 27:50 | Crear | Villager (Male) |
| 28:11 | Investigar | Caravan |
| 28:12 | Crear | Trade Cart |
| 28:13 | Crear | Trade Cart |
| 28:16 | Crear | Villager (Male) |
| 28:18 | Crear | Villager (Male) |
| 28:21 | Construir | Farm |
| 28:28 | Crear | Villager (Male) |
| 28:38 | Investigar | Fletching |
| 28:41 | Investigar | Forging |
| 28:44 | Crear | Villager (Male) |
| 28:53 | Investigar | Hand Cart |
| 28:55 | Construir | Farm |
| 29:00 | Crear | Villager (Male) |
| 29:00 | Crear | Villager (Male) |
| 29:03 | Crear | Trade Cart |
| 29:22 | Crear | Villager (Male) |
| 29:33 | Construir | Mining Camp |
| 29:35 | Crear | Villager (Male) |
| 29:48 | Investigar | Gold Shaft Mining |
| 29:54 | Construir | Farm |
| 29:55 | Crear | Villager (Male) |
| 29:58 | Crear | Villager (Male) |
| 30:03 | Crear | Villager (Male) |
| 30:15 | Construir | Lumber Camp |
| 30:18 | Crear | Villager (Male) |
| 30:22 | Construir | Farm |
| 30:28 | Investigar | Town Patrol |
| 30:29 | Crear | Villager (Male) |
| 30:34 | Construir | Farm |
| 30:36 | Investigar | Chemistry |
| 30:37 | Investigar | Masonry |
| 31:05 | Crear | Trade Cart |
| 31:16 | Crear | Villager (Male) |
| 31:17 | Crear | Villager (Male) |
| 31:18 | Crear | Villager (Male) |
Build order — Mokkoronina
Primeras 150 de 810 acciones detectadas
| 0:10 | Crear | Villager (Male) ×4 |
| 0:14 | Construir | House |
| 0:16 | Construir | House |
| 1:21 | Crear | Villager (Male) |
| 2:22 | Crear | Villager (Male) |
| 2:22 | Crear | Villager (Male) |
| 2:27 | Crear | Villager (Male) |
| 3:05 | Construir | Lumber Camp |
| 3:11 | Crear | Villager (Male) |
| 3:12 | Crear | Villager (Male) |
| 3:43 | Crear | Villager (Male) |
| 3:52 | Construir | House |
| 3:57 | Construir | House |
| 4:21 | Crear | Villager (Male) |
| 4:28 | Crear | Villager (Male) |
| 4:52 | Construir | Mill |
| 5:07 | Crear | Villager (Male) |
| 5:08 | Crear | Villager (Male) |
| 5:20 | Crear | Villager (Male) |
| 5:52 | Crear | Villager (Male) |
| 5:52 | Crear | Villager (Male) |
| 5:59 | Construir | Mining Camp |
| 6:10 | Crear | Villager (Male) |
| 6:36 | Crear | Villager (Male) |
| 6:36 | Crear | Villager (Male) |
| 6:41 | Construir | House |
| 6:41 | Construir | House |
| 6:43 | Construir | House |
| 7:24 | Crear | Villager (Male) |
| 7:25 | Crear | Villager (Male) |
| 7:26 | Crear | Villager (Male) |
| 7:27 | Crear | Villager (Male) |
| 7:27 | Crear | Villager (Male) |
| 7:48 | Crear | Villager (Male) |
| 8:32 | Crear | Villager (Male) |
| 8:45 | Crear | Villager (Male) |
| 9:48 | Crear | Villager (Male) |
| 10:15 | Construir | Mill |
| 10:20 | Investigar | Feudal Age |
| 10:20 | Investigar | Feudal Age |
| 10:39 | Construir | Mill |
| 12:30 | Edad | Edad Feudal |
| 12:38 | Investigar | Wheelbarrow |
| 12:39 | Investigar | Town Watch |
| 12:39 | Investigar | Town Watch |
| 12:39 | Investigar | Town Watch |
| 12:39 | Investigar | Town Watch |
| 12:40 | Investigar | Loom |
| 12:40 | Investigar | Loom |
| 12:52 | Construir | Market |
| 12:56 | Construir | Market |
| 12:58 | Construir | Market |
| 13:18 | Construir | Stone Wall |
| 13:19 | Construir | Stone Wall |
| 13:21 | Construir | Stone Wall |
| 13:24 | Construir | Building 487 |
| 13:26 | Construir | Building 487 |
| 13:33 | Crear | Villager (Male) |
| 13:34 | Crear | Villager (Male) |
| 13:43 | Investigar | Horse Collar |
| 13:47 | Investigar | Double-Bit Axe |
| 13:50 | Investigar | Stone Mining |
| 13:50 | Investigar | Stone Mining |
| 13:50 | Investigar | Stone Mining |
| 13:53 | Investigar | Gold Mining |
| 13:53 | Investigar | Gold Mining |
| 14:07 | Construir | Farm |
| 14:08 | Construir | Farm |
| 14:09 | Construir | Farm |
| 14:10 | Construir | Farm |
| 14:10 | Construir | Farm |
| 14:11 | Construir | Farm |
| 14:12 | Construir | Farm |
| 14:12 | Construir | Farm |
| 14:12 | Construir | Farm |
| 14:12 | Construir | Farm |
| 14:13 | Construir | Farm |
| 14:13 | Construir | Farm |
| 14:13 | Construir | Farm |
| 14:13 | Construir | Farm |
| 14:13 | Construir | Farm |
| 14:13 | Construir | Farm |
| 14:14 | Construir | Farm |
| 14:14 | Construir | Farm |
| 14:14 | Construir | Farm |
| 14:14 | Construir | Farm |
| 14:14 | Construir | Farm |
| 14:15 | Construir | Farm |
| 14:15 | Construir | Farm |
| 14:15 | Construir | Farm |
| 15:01 | Crear | Villager (Male) |
| 15:02 | Crear | Villager (Male) |
| 15:35 | Construir | Farm |
| 15:36 | Construir | Farm |
| 15:37 | Construir | Farm |
| 15:38 | Construir | Farm |
| 15:39 | Construir | Farm |
| 15:40 | Construir | Farm |
| 15:43 | Construir | Farm |
| 15:49 | Crear | Villager (Male) |
| 16:34 | Investigar | Stone Mining |
| 16:34 | Investigar | Stone Mining |
| 16:37 | Crear | Villager (Male) |
| 16:38 | Crear | Villager (Male) |
| 16:54 | Construir | Farm |
| 16:55 | Construir | Farm |
| 16:56 | Construir | Farm |
| 16:58 | Construir | Farm |
| 16:59 | Construir | Farm |
| 17:00 | Construir | Farm |
| 17:03 | Crear | Villager (Male) |
| 17:04 | Crear | Villager (Male) |
| 18:36 | Crear | Trade Cart |
| 18:36 | Crear | Trade Cart |
| 18:36 | Crear | Trade Cart |
| 18:36 | Crear | Trade Cart |
| 18:36 | Crear | Trade Cart |
| 18:37 | Crear | Trade Cart |
| 18:37 | Crear | Trade Cart |
| 19:13 | Construir | Blacksmith |
| 19:33 | Investigar | Castle Age |
| 19:33 | Investigar | Castle Age |
| 20:06 | Crear | Trade Cart |
| 20:06 | Crear | Trade Cart |
| 20:06 | Crear | Trade Cart |
| 20:06 | Crear | Trade Cart |
| 20:31 | Crear | Trade Cart |
| 20:32 | Crear | Trade Cart |
| 20:32 | Crear | Trade Cart |
| 20:35 | Crear | Trade Cart |
| 20:35 | Crear | Trade Cart |
| 20:36 | Crear | Trade Cart |
| 20:41 | Crear | Trade Cart |
| 21:01 | Construir | Farm |
| 21:15 | Crear | Trade Cart |
| 21:16 | Crear | Trade Cart |
| 21:16 | Crear | Trade Cart |
| 21:32 | Investigar | Forging |
| 21:32 | Investigar | Forging |
| 21:32 | Investigar | Scale Mail Armor |
| 21:32 | Investigar | Scale Mail Armor |
| 21:33 | Investigar | Scale Mail Armor |
| 21:33 | Investigar | Fletching |
| 21:33 | Investigar | Fletching |
| 21:35 | Investigar | Scale Barding Armor |
| 21:35 | Investigar | Scale Barding Armor |
| 21:59 | Crear | Trade Cart |
| 22:13 | Edad | Edad de los Castillos |
| 22:23 | Construir | Town Center |
| 23:04 | Construir | Town Center |
Build order — carlosperez.cpe
Primeras 150 de 711 acciones detectadas
| 0:01 | Crear | Villager (Male) |
| 0:01 | Crear | Villager (Male) |
| 0:02 | Crear | Villager (Male) |
| 0:02 | Crear | Villager (Male) |
| 0:04 | Construir | House |
| 0:06 | Construir | House |
| 1:31 | Crear | Villager (Male) |
| 1:49 | Construir | Lumber Camp |
| 2:02 | Crear | Villager (Male) |
| 2:26 | Crear | Villager (Male) |
| 3:13 | Crear | Villager (Male) |
| 3:13 | Crear | Villager (Male) |
| 3:41 | Crear | Villager (Male) |
| 3:49 | Construir | House |
| 4:02 | Crear | Villager (Male) |
| 4:44 | Construir | Mill |
| 4:54 | Construir | House |
| 5:14 | Crear | Villager (Male) |
| 5:15 | Crear | Villager (Male) |
| 5:48 | Crear | Villager (Male) |
| 5:51 | Crear | Villager (Male) |
| 5:51 | Crear | Villager (Male) |
| 6:32 | Construir | Farm |
| 6:36 | Construir | Farm |
| 6:56 | Crear | Villager (Male) |
| 7:16 | Crear | Villager (Male) |
| 7:22 | Construir | Mining Camp |
| 7:28 | Crear | Villager (Male) |
| 7:42 | Crear | Villager (Male) |
| 8:34 | Investigar | Feudal Age |
| 9:27 | Investigar | Loom |
| 9:52 | Edad | Edad Feudal |
| 10:16 | Construir | Palisade Wall |
| 10:21 | Construir | Palisade Wall |
| 10:31 | Crear | Villager (Male) |
| 10:32 | Crear | Villager (Male) |
| 10:34 | Investigar | Wheelbarrow |
| 10:48 | Construir | Palisade Wall |
| 10:53 | Crear | Villager (Male) |
| 11:02 | Construir | Blacksmith |
| 11:08 | Construir | Market |
| 11:10 | Crear | Villager (Male) |
| 11:31 | Crear | Villager (Male) |
| 11:36 | Crear | Villager (Male) |
| 11:56 | Construir | House |
| 12:11 | Construir | Palisade Wall |
| 12:32 | Crear | Villager (Male) |
| 12:34 | Crear | Villager (Male) |
| 13:25 | Investigar | Castle Age |
| 13:50 | Construir | Lumber Camp |
| 13:53 | Crear | Villager (Male) |
| 14:11 | Crear | Villager (Male) |
| 14:20 | Construir | Farm |
| 14:20 | Construir | Farm |
| 14:20 | Construir | Farm |
| 14:21 | Construir | Farm |
| 14:21 | Construir | Farm |
| 14:21 | Construir | Farm |
| 14:21 | Construir | Farm |
| 14:36 | Investigar | Double-Bit Axe |
| 14:48 | Construir | Palisade Wall |
| 15:01 | Edad | Edad de los Castillos |
| 15:08 | Construir | House |
| 15:44 | Crear | Villager (Male) |
| 16:08 | Construir | Palisade Wall |
| 16:18 | Crear | Villager (Male) |
| 16:19 | Crear | Villager (Male) |
| 16:35 | Construir | Town Center |
| 16:50 | Construir | Farm |
| 16:56 | Construir | Farm |
| 17:09 | Crear | Villager (Male) |
| 17:14 | Crear | Villager (Male) |
| 17:20 | Construir | Farm |
| 17:20 | Crear | Villager (Male) |
| 17:43 | Construir | House |
| 17:59 | Crear | Villager (Male) |
| 17:59 | Crear | Villager (Male) |
| 18:05 | Construir | Farm |
| 18:14 | Construir | Town Center |
| 18:21 | Crear | Villager (Male) |
| 18:28 | Construir | Farm |
| 18:28 | Crear | Villager (Male) |
| 18:32 | Construir | House |
| 19:00 | Construir | Farm |
| 19:01 | Crear | Villager (Male) |
| 19:07 | Construir | House |
| 19:09 | Crear | Villager (Male) |
| 19:23 | Construir | Farm |
| 19:26 | Crear | Villager (Male) |
| 19:30 | Construir | House |
| 19:36 | Construir | Farm |
| 19:37 | Crear | Villager (Male) |
| 19:52 | Crear | Villager (Male) |
| 19:52 | Crear | Villager (Male) |
| 19:56 | Construir | House |
| 20:01 | Construir | Farm |
| 20:03 | Crear | Villager (Male) |
| 20:07 | Construir | Farm |
| 20:11 | Crear | Villager (Male) |
| 20:14 | Construir | Farm |
| 20:21 | Construir | Farm |
| 20:28 | Crear | Villager (Male) |
| 20:31 | Construir | Farm |
| 20:41 | Crear | Villager (Male) |
| 20:45 | Crear | Villager (Male) |
| 20:52 | Construir | Farm |
| 20:59 | Construir | Farm |
| 21:00 | Crear | Villager (Male) |
| 21:08 | Construir | Farm |
| 21:08 | Crear | Villager (Male) |
| 21:13 | Construir | Farm |
| 21:13 | Crear | Villager (Male) |
| 21:31 | Crear | Villager (Male) |
| 21:34 | Investigar | Horse Collar |
| 21:42 | Construir | Farm |
| 21:44 | Construir | Farm |
| 21:55 | Investigar | Bow Saw |
| 22:05 | Construir | Farm |
| 22:06 | Crear | Villager (Male) |
| 22:11 | Construir | House |
| 22:12 | Crear | Villager (Male) |
| 22:20 | Crear | Villager (Male) |
| 22:23 | Crear | Villager (Male) |
| 22:32 | Crear | Villager (Male) |
| 22:44 | Construir | Monastery |
| 22:45 | Crear | Villager (Male) |
| 22:59 | Crear | Villager (Male) |
| 23:05 | Construir | Farm |
| 23:08 | Construir | Farm |
| 23:14 | Construir | Farm |
| 23:14 | Crear | Villager (Male) |
| 23:14 | Crear | Villager (Male) |
| 23:15 | Crear | Villager (Male) |
| 23:16 | Crear | Villager (Male) |
| 23:16 | Crear | Villager (Male) |
| 23:23 | Construir | Farm |
| 23:23 | Crear | Villager (Male) |
| 23:28 | Crear | Monk |
| 23:44 | Construir | Farm |
| 23:46 | Construir | Farm |
| 23:49 | Construir | Farm |
| 23:58 | Construir | Farm |
| 24:09 | Construir | Stone Wall |
| 24:13 | Crear | Villager (Male) |
| 24:15 | Crear | Villager (Male) |
| 24:15 | Crear | Villager (Male) |
| 24:19 | Construir | Farm |
| 24:22 | Construir | Farm |
| 24:29 | Construir | Farm |
| 24:36 | Crear | Villager (Male) |
Build order — Terror Belli
Primeras 150 de 522 acciones detectadas
| 0:07 | Crear | Villager (Male) |
| 0:07 | Crear | Villager (Male) |
| 0:07 | Crear | Villager (Male) |
| 0:10 | Construir | House |
| 0:15 | Construir | House |
| 0:49 | Crear | Villager (Male) |
| 1:57 | Crear | Villager (Male) |
| 1:57 | Crear | Villager (Male) |
| 1:57 | Crear | Villager (Male) |
| 2:16 | Crear | Villager (Male) |
| 2:16 | Crear | Villager (Male) |
| 2:58 | Construir | Lumber Camp |
| 3:05 | Crear | Villager (Male) |
| 3:20 | Crear | Villager (Male) |
| 4:14 | Crear | Villager (Male) |
| 4:15 | Crear | Villager (Male) |
| 4:24 | Construir | House |
| 4:39 | Crear | Villager (Male) |
| 4:45 | Construir | Mill |
| 4:56 | Construir | Farm |
| 5:04 | Crear | Villager (Male) |
| 5:40 | Crear | Villager (Male) |
| 6:02 | Crear | Villager (Male) |
| 6:02 | Crear | Villager (Male) |
| 6:27 | Construir | House |
| 6:35 | Construir | Farm |
| 6:44 | Crear | Villager (Male) |
| 6:45 | Crear | Villager (Male) |
| 6:45 | Crear | Villager (Male) |
| 6:45 | Crear | Villager (Male) |
| 6:45 | Crear | Villager (Male) |
| 7:15 | Crear | Villager (Male) |
| 7:15 | Crear | Villager (Male) |
| 7:15 | Crear | Villager (Male) |
| 7:53 | Construir | Farm |
| 8:14 | Construir | Mining Camp |
| 8:32 | Crear | Villager (Male) |
| 8:32 | Crear | Villager (Male) |
| 8:45 | Construir | Farm |
| 8:53 | Construir | Farm |
| 9:04 | Investigar | Loom |
| 9:22 | Investigar | Feudal Age |
| 9:46 | Crear | Villager (Male) |
| 9:46 | Crear | Villager (Male) |
| 9:55 | Construir | House |
| 11:13 | Construir | Farm |
| 11:39 | Edad | Edad Feudal |
| 12:37 | Crear | Villager (Male) |
| 13:23 | Investigar | Wheelbarrow |
| 13:33 | Investigar | Double-Bit Axe |
| 13:43 | Investigar | Horse Collar |
| 14:25 | Investigar | Castle Age |
| 14:46 | Crear | Villager (Male) |
| 15:05 | Construir | Farm |
| 15:10 | Construir | Farm |
| 15:12 | Construir | Farm |
| 15:22 | Investigar | Gold Mining |
| 15:42 | Construir | House |
| 16:47 | Crear | Villager (Male) |
| 16:48 | Crear | Villager (Male) |
| 16:48 | Crear | Villager (Male) |
| 17:05 | Edad | Edad de los Castillos |
| 17:57 | Construir | Town Center |
| 18:26 | Construir | Town Center |
| 18:31 | Crear | Villager (Male) |
| 18:31 | Crear | Villager (Male) |
| 19:40 | Construir | House |
| 19:43 | Crear | Villager (Male) |
| 19:44 | Crear | Villager (Male) |
| 19:44 | Crear | Villager (Male) |
| 19:49 | Crear | Villager (Male) |
| 19:49 | Crear | Villager (Male) |
| 19:51 | Crear | Villager (Male) |
| 20:31 | Construir | Town Center |
| 20:51 | Crear | Villager (Male) |
| 20:51 | Crear | Villager (Male) |
| 20:51 | Crear | Villager (Male) |
| 20:52 | Crear | Villager (Male) |
| 20:52 | Crear | Villager (Male) |
| 20:54 | Crear | Villager (Male) |
| 21:06 | Construir | House |
| 21:09 | Construir | House |
| 21:11 | Construir | House |
| 21:36 | Investigar | Bow Saw |
| 22:44 | Crear | Villager (Male) |
| 22:44 | Crear | Villager (Male) |
| 22:44 | Crear | Villager (Male) |
| 22:44 | Crear | Villager (Male) |
| 22:45 | Crear | Villager (Male) |
| 22:46 | Crear | Villager (Male) |
| 22:46 | Crear | Villager (Male) |
| 22:50 | Construir | House |
| 22:52 | Construir | House |
| 22:53 | Crear | Villager (Male) |
| 22:54 | Crear | Villager (Male) |
| 23:08 | Construir | Farm |
| 23:10 | Construir | Farm |
| 23:12 | Construir | Farm |
| 23:13 | Construir | Farm |
| 23:23 | Construir | Farm |
| 23:25 | Construir | Farm |
| 23:26 | Construir | Farm |
| 23:29 | Construir | Farm |
| 23:35 | Crear | Villager (Male) |
| 23:36 | Crear | Villager (Male) |
| 23:36 | Crear | Villager (Male) |
| 23:36 | Crear | Villager (Male) |
| 23:37 | Crear | Villager (Male) |
| 23:37 | Crear | Villager (Male) |
| 23:58 | Construir | Market |
| 24:05 | Crear | Villager (Male) |
| 24:05 | Crear | Villager (Male) |
| 24:05 | Crear | Villager (Male) |
| 24:31 | Construir | Siege Workshop |
| 24:35 | Crear | Villager (Male) |
| 24:36 | Crear | Villager (Male) |
| 24:36 | Crear | Villager (Male) |
| 24:36 | Crear | Villager (Male) |
| 24:47 | Construir | Farm |
| 24:48 | Construir | Farm |
| 24:51 | Construir | Farm |
| 24:52 | Construir | Farm |
| 24:56 | Construir | Farm |
| 25:02 | Construir | Farm |
| 25:13 | Crear | Villager (Male) |
| 25:13 | Crear | Villager (Male) |
| 25:13 | Crear | Villager (Male) |
| 25:13 | Crear | Villager (Male) |
| 25:14 | Crear | Villager (Male) |
| 25:15 | Crear | Villager (Male) |
| 25:26 | Construir | Farm |
| 25:27 | Construir | Farm |
| 25:30 | Construir | Farm |
| 25:31 | Construir | Farm |
| 25:35 | Crear | Villager (Male) |
| 25:40 | Crear | Villager (Male) |
| 25:44 | Construir | Farm |
| 25:46 | Crear | Villager (Male) |
| 25:46 | Crear | Villager (Male) |
| 25:46 | Crear | Villager (Male) |
| 25:47 | Crear | Villager (Male) |
| 26:04 | Construir | House |
| 26:05 | Construir | House |
| 26:07 | Construir | House |
| 26:09 | Construir | House |
| 26:19 | Crear | Trade Cart |
| 26:19 | Crear | Trade Cart |
| 27:00 | Crear | Villager (Male) |
| 27:01 | Crear | Villager (Male) |
| 27:01 | Crear | Villager (Male) |
Build order — Sigit4n
Primeras 150 de 611 acciones detectadas
| 0:04 | Crear | Villager (Male) |
| 0:04 | Crear | Villager (Male) |
| 0:05 | Crear | Villager (Male) |
| 0:06 | Crear | Villager (Male) |
| 0:06 | Crear | Villager (Male) |
| 0:18 | Construir | House |
| 0:40 | Construir | House |
| 1:55 | Crear | Villager (Male) |
| 2:34 | Crear | Villager (Male) |
| 3:07 | Crear | Villager (Male) |
| 3:17 | Crear | Villager (Male) |
| 3:52 | Crear | Villager (Male) |
| 3:56 | Crear | Villager (Male) |
| 4:10 | Construir | Mill |
| 4:21 | Crear | Villager (Male) |
| 5:54 | Construir | Lumber Camp |
| 7:31 | Investigar | Feudal Age |
| 7:32 | Investigar | Loom |
| 8:14 | Construir | House |
| 8:15 | Construir | House |
| 9:41 | Edad | Edad Feudal |
| 9:45 | Construir | Mill |
| 9:53 | Investigar | Wheelbarrow |
| 9:55 | Investigar | Double-Bit Axe |
| 11:20 | Construir | Mining Camp |
| 11:30 | Crear | Villager (Male) |
| 11:40 | Investigar | Horse Collar |
| 11:49 | Crear | Villager (Male) |
| 11:50 | Crear | Villager (Male) |
| 11:51 | Crear | Villager (Male) |
| 11:51 | Crear | Villager (Male) |
| 12:13 | Construir | Market |
| 13:06 | Crear | Villager (Male) |
| 13:06 | Crear | Villager (Male) |
| 13:26 | Construir | Blacksmith |
| 13:51 | Construir | Farm |
| 14:31 | Investigar | Gold Mining |
| 15:04 | Construir | Stone Wall |
| 15:09 | Construir | Building 665 |
| 15:11 | Construir | Building 665 |
| 15:39 | Construir | Farm |
| 15:41 | Construir | Farm |
| 16:12 | Construir | Building 487 |
| 16:29 | Construir | Mining Camp |
| 16:41 | Construir | Farm |
| 17:02 | Construir | Stone Wall |
| 17:31 | Construir | Building 487 |
| 18:04 | Construir | Building 487 |
| 18:41 | Investigar | Castle Age |
| 19:05 | Construir | Barracks |
| 19:45 | Construir | House |
| 19:48 | Construir | House |
| 19:59 | Investigar | Town Watch |
| 20:02 | Investigar | Stone Mining |
| 21:21 | Edad | Edad de los Castillos |
| 21:29 | Construir | Town Center |
| 21:41 | Crear | Villager (Male) |
| 21:42 | Crear | Villager (Male) |
| 21:53 | Crear | Villager (Male) |
| 21:53 | Crear | Villager (Male) |
| 22:10 | Construir | Monastery |
| 22:24 | Construir | Farm |
| 22:46 | Construir | Farm |
| 22:58 | Crear | Villager (Male) |
| 22:58 | Crear | Villager (Male) |
| 23:20 | Construir | House |
| 23:23 | Construir | House |
| 23:28 | Crear | Monk |
| 23:31 | Crear | Monk |
| 23:35 | Investigar | Fervor |
| 23:49 | Crear | Militia |
| 23:49 | Crear | Militia |
| 24:10 | Construir | Lumber Camp |
| 24:30 | Crear | Villager (Male) |
| 24:30 | Crear | Villager (Male) |
| 24:40 | Crear | Villager (Male) |
| 24:40 | Crear | Villager (Male) |
| 24:46 | Crear | Militia |
| 25:01 | Crear | Villager (Male) |
| 25:02 | Crear | Villager (Male) |
| 25:12 | Construir | Farm |
| 25:28 | Crear | Villager (Male) |
| 25:40 | Construir | Farm |
| 25:59 | Investigar | Bow Saw |
| 26:10 | Construir | Farm |
| 26:20 | Crear | Villager (Male) |
| 26:37 | Investigar | Heavy Plow |
| 27:11 | Crear | Villager (Male) |
| 27:12 | Crear | Villager (Male) |
| 27:38 | Crear | Villager (Male) |
| 27:38 | Crear | Villager (Male) |
| 27:42 | Construir | Farm |
| 28:13 | Construir | Castle |
| 28:32 | Crear | Villager (Male) |
| 28:33 | Crear | Villager (Male) |
| 28:34 | Crear | Villager (Male) |
| 28:34 | Crear | Villager (Male) |
| 29:03 | Construir | Town Center |
| 29:12 | Construir | Farm |
| 29:14 | Construir | Farm |
| 29:20 | Crear | Villager (Male) |
| 29:20 | Crear | Villager (Male) |
| 29:40 | Crear | Villager (Male) |
| 29:41 | Crear | Villager (Male) |
| 29:47 | Construir | Farm |
| 29:54 | Construir | Farm |
| 30:06 | Construir | House |
| 30:18 | Construir | Farm |
| 30:33 | Construir | House |
| 30:43 | Construir | House |
| 30:44 | Construir | House |
| 30:45 | Construir | House |
| 30:46 | Construir | House |
| 30:48 | Construir | House |
| 30:51 | Construir | House |
| 30:52 | Construir | House |
| 30:58 | Investigar | Forging |
| 31:00 | Investigar | Scale Mail Armor |
| 31:04 | Crear | Villager (Male) |
| 31:04 | Crear | Villager (Male) |
| 31:09 | Crear | Villager (Male) |
| 31:24 | Investigar | Man-at-Arms (upgrade) |
| 31:40 | Construir | Barracks |
| 31:41 | Construir | Barracks |
| 31:43 | Construir | Barracks |
| 31:48 | Crear | Villager (Male) |
| 31:48 | Crear | Villager (Male) |
| 31:50 | Crear | Villager (Male) |
| 31:59 | Construir | Farm |
| 32:13 | Construir | Farm |
| 32:14 | Construir | Farm |
| 32:18 | Construir | Farm |
| 32:20 | Construir | Farm |
| 32:33 | Construir | Farm |
| 32:41 | Construir | Farm |
| 32:46 | Construir | Farm |
| 32:50 | Investigar | Hand Cart |
| 32:56 | Crear | Villager (Male) |
| 33:33 | Investigar | Long Swordsman (upgrade) |
| 33:36 | Crear | Militia |
| 33:36 | Crear | Militia |
| 33:54 | Investigar | Sanctity |
| 33:58 | Crear | Villager (Male) |
| 33:58 | Crear | Villager (Male) |
| 33:58 | Crear | Villager (Male) |
| 34:03 | Crear | Janissary |
| 34:22 | Investigar | Gold Shaft Mining |
| 34:40 | Construir | Farm |
| 34:43 | Crear | Villager (Male) |
| 34:43 | Crear | Villager (Male) |
Build order — FELADAPUTAAN
Primeras 150 de 1011 acciones detectadas
| 0:04 | Crear | Villager (Male) |
| 0:05 | Crear | Villager (Male) |
| 0:05 | Crear | Villager (Male) |
| 0:05 | Crear | Villager (Male) |
| 0:05 | Crear | Villager (Male) |
| 0:06 | Crear | Villager (Male) |
| 0:08 | Construir | House |
| 0:12 | Construir | House |
| 1:30 | Crear | Villager (Male) |
| 1:30 | Crear | Villager (Male) |
| 1:30 | Crear | Villager (Male) |
| 1:49 | Construir | Lumber Camp |
| 2:05 | Crear | Villager (Male) |
| 2:05 | Crear | Villager (Male) |
| 2:21 | Crear | Villager (Male) |
| 2:21 | Crear | Villager (Male) |
| 2:53 | Crear | Villager (Male) |
| 2:54 | Crear | Villager (Male) |
| 3:16 | Crear | Villager (Male) |
| 3:17 | Crear | Villager (Male) |
| 3:38 | Construir | House |
| 3:59 | Crear | Villager (Male) |
| 3:59 | Crear | Villager (Male) |
| 3:59 | Crear | Villager (Male) |
| 4:34 | Construir | Mill |
| 4:50 | Crear | Villager (Male) |
| 4:50 | Crear | Villager (Male) |
| 4:53 | Crear | Villager (Male) |
| 4:53 | Crear | Villager (Male) |
| 4:53 | Crear | Villager (Male) |
| 4:54 | Crear | Villager (Male) |
| 5:18 | Construir | House |
| 5:51 | Crear | Villager (Male) |
| 5:51 | Crear | Villager (Male) |
| 6:57 | Crear | Villager (Male) |
| 6:58 | Crear | Villager (Male) |
| 6:58 | Crear | Villager (Male) |
| 6:59 | Crear | Villager (Male) |
| 6:59 | Crear | Villager (Male) |
| 7:00 | Crear | Villager (Male) |
| 7:00 | Crear | Villager (Male) |
| 8:22 | Investigar | Feudal Age |
| 8:51 | Crear | Villager (Male) |
| 8:51 | Crear | Villager (Male) |
| 8:52 | Crear | Villager (Male) |
| 8:52 | Crear | Villager (Male) |
| 9:34 | Crear | Villager (Male) |
| 9:34 | Crear | Villager (Male) |
| 9:35 | Crear | Villager (Male) |
| 9:44 | Construir | House |
| 9:51 | Construir | House |
| 9:52 | Construir | House |
| 9:54 | Construir | House |
| 9:56 | Construir | House |
| 9:59 | Construir | House |
| 10:37 | Edad | Edad Feudal |
| 10:39 | Investigar | Double-Bit Axe |
| 11:13 | Construir | Mining Camp |
| 11:34 | Construir | Farm |
| 11:34 | Construir | Farm |
| 11:34 | Construir | Farm |
| 11:35 | Construir | Farm |
| 11:35 | Construir | Farm |
| 11:41 | Construir | Farm |
| 11:42 | Construir | Farm |
| 11:42 | Construir | Farm |
| 11:43 | Construir | Farm |
| 12:03 | Construir | Farm |
| 12:04 | Construir | Farm |
| 12:04 | Construir | Farm |
| 12:05 | Construir | Farm |
| 12:05 | Construir | Farm |
| 12:41 | Construir | Blacksmith |
| 13:06 | Construir | Market |
| 13:08 | Construir | Lumber Camp |
| 13:11 | Crear | Villager (Male) |
| 13:16 | Crear | Villager (Male) |
| 13:16 | Crear | Villager (Male) |
| 13:17 | Crear | Villager (Male) |
| 14:33 | Crear | Villager (Male) |
| 15:02 | Construir | Farm |
| 15:03 | Construir | Farm |
| 15:03 | Construir | Farm |
| 15:05 | Crear | Villager (Male) |
| 15:23 | Investigar | Castle Age |
| 15:44 | Crear | Villager (Male) |
| 15:44 | Crear | Villager (Male) |
| 15:44 | Crear | Villager (Male) |
| 16:37 | Crear | Villager (Male) |
| 16:37 | Crear | Villager (Male) |
| 16:37 | Crear | Villager (Male) |
| 17:21 | Investigar | Wheelbarrow |
| 17:54 | Edad | Edad de los Castillos |
| 18:01 | Investigar | Bow Saw |
| 18:12 | Construir | Town Center |
| 18:25 | Construir | Town Center |
| 18:37 | Investigar | Horse Collar |
| 18:54 | Construir | House |
| 18:58 | Construir | House |
| 18:59 | Construir | House |
| 19:01 | Construir | House |
| 19:02 | Construir | House |
| 19:03 | Construir | House |
| 19:05 | Construir | House |
| 19:06 | Construir | House |
| 19:08 | Construir | House |
| 19:09 | Construir | House |
| 19:10 | Construir | House |
| 19:13 | Construir | House |
| 19:26 | Crear | Villager (Male) |
| 19:26 | Crear | Villager (Male) |
| 19:31 | Crear | Villager (Male) |
| 19:31 | Crear | Villager (Male) |
| 19:31 | Crear | Villager (Male) |
| 19:32 | Crear | Villager (Male) |
| 19:32 | Crear | Villager (Male) |
| 19:32 | Crear | Villager (Male) |
| 19:33 | Crear | Villager (Male) |
| 19:33 | Crear | Villager (Male) |
| 19:44 | Construir | Mining Camp |
| 19:49 | Investigar | Heavy Plow |
| 19:53 | Crear | Villager (Male) |
| 19:53 | Crear | Villager (Male) |
| 19:53 | Crear | Villager (Male) |
| 19:58 | Crear | Villager (Male) |
| 19:58 | Crear | Villager (Male) |
| 20:20 | Crear | Villager (Male) |
| 20:20 | Crear | Villager (Male) |
| 20:21 | Crear | Villager (Male) |
| 20:21 | Crear | Villager (Male) |
| 20:21 | Crear | Villager (Male) |
| 20:21 | Crear | Villager (Male) |
| 20:22 | Crear | Villager (Male) |
| 20:22 | Crear | Villager (Male) |
| 20:55 | Crear | Villager (Male) |
| 20:55 | Crear | Villager (Male) |
| 21:01 | Construir | Farm |
| 21:01 | Construir | Farm |
| 21:01 | Construir | Farm |
| 21:02 | Construir | Farm |
| 21:02 | Construir | Farm |
| 21:02 | Construir | Farm |
| 21:03 | Construir | Farm |
| 21:03 | Construir | Farm |
| 21:23 | Crear | Villager (Male) |
| 21:23 | Crear | Villager (Male) |
| 21:24 | Crear | Villager (Male) |
| 21:24 | Crear | Villager (Male) |
| 21:24 | Crear | Villager (Male) |
| 21:32 | Construir | Farm |
Cronología de la partida
| 9:41 | Sigit4n · age_up feudal |
| 9:52 | carlosperez.cpe · age_up feudal |
| 10:16 | carlosperez.cpe · wall_segment Palisade Wall x1 |
| 10:21 | carlosperez.cpe · wall_segment Palisade Wall x1 |
| 10:37 | FELADAPUTAAN · age_up feudal |
| 10:48 | carlosperez.cpe · wall_segment Palisade Wall x18 |
| 11:39 | Terror Belli · age_up feudal |
| 11:51 | Creavite · age_up feudal |
| 12:06 | yuansen · age_up feudal |
| 12:11 | carlosperez.cpe · wall_segment Palisade Wall x12 |
| 12:30 | Mokkoronina · age_up feudal |
| 12:44 | carlosperez.cpe · first_market_sell 100 wood |
| 12:45 | carlosperez.cpe · first_market_buy 100 food |
| 13:18 | Mokkoronina · wall_segment Stone Wall x2 |
| 13:19 | Mokkoronina · wall_segment Stone Wall x26 |
| 13:21 | Mokkoronina · wall_segment Stone Wall x1 |
| 14:08 | MapleMilk0_0 · age_up feudal |
| 14:48 | carlosperez.cpe · wall_segment Palisade Wall x28 |
| 14:59 | Creavite · first_market_sell 100 food |
| 15:01 | carlosperez.cpe · age_up castle |
| 15:04 | Sigit4n · wall_segment Stone Wall x13 |
| 15:15 | yuansen · first_building Barracks |
| 16:08 | carlosperez.cpe · wall_segment Palisade Wall x18 |
| 17:02 | Sigit4n · wall_segment Stone Wall x17 |
| 17:05 | Terror Belli · age_up castle |
| 17:27 | yuansen · age_up castle |
| 17:54 | FELADAPUTAAN · age_up castle |
| 17:57 | MapleMilk0_0 · age_up castle |
| 17:59 | Creavite · age_up castle |
| 18:10 | yuansen · first_building Castle |
| 18:13 | MapleMilk0_0 · first_building Monastery |
| 19:05 | Sigit4n · first_building Barracks |
| 19:38 | Mokkoronina · tribute_sent a jugador 1 |
| 19:38 | Mokkoronina · tribute_sent a jugador 2 |
| 19:38 | Mokkoronina · tribute_sent a jugador 4 |
| 19:38 | Mokkoronina · tribute_sent a jugador 5 |
| 19:38 | Mokkoronina · tribute_sent a jugador 6 |
| 19:38 | Mokkoronina · tribute_sent a jugador 7 |
| 19:38 | Mokkoronina · tribute_sent a jugador 8 |
| 20:10 | Creavite · first_market_buy 100 stone |
| 20:34 | Mokkoronina · first_market_buy 100 wood |
| 21:06 | Creavite · first_building Monastery |
| 21:21 | Sigit4n · age_up castle |
| 21:27 | MapleMilk0_0 · first_market_sell 100 food |
| 21:59 | Mokkoronina · first_market_sell 100 food |
| 22:10 | Sigit4n · first_building Monastery |
| 22:13 | MapleMilk0_0 · age_up imperial |
| 22:13 | Mokkoronina · age_up castle |
| 22:41 | MapleMilk0_0 · first_market_buy 100 wood |
| 22:44 | carlosperez.cpe · first_building Monastery |
| 24:09 | carlosperez.cpe · wall_segment Stone Wall x28 |
| 24:31 | Terror Belli · first_building Siege Workshop |
| 25:55 | Sigit4n · first_market_buy 100 food |
| 26:39 | FELADAPUTAAN · first_building Monastery |
| 27:45 | carlosperez.cpe · wall_segment Stone Wall x1 |
| 27:53 | yuansen · first_building Stable |
| 28:13 | Sigit4n · first_building Castle |
| 28:53 | FELADAPUTAAN · first_building Barracks |
| 28:56 | Terror Belli · first_building Stable |
| 29:02 | FELADAPUTAAN · first_building Castle |
| 29:12 | Mokkoronina · first_building Monastery |
| 29:28 | carlosperez.cpe · first_building Barracks |
| 29:46 | Creavite · first_building Barracks |
| 30:09 | carlosperez.cpe · age_up imperial |
| 30:19 | carlosperez.cpe · first_building Stable |
| 30:44 | FELADAPUTAAN · first_building Archery Range |
| 30:46 | Creavite · age_up imperial |
| 31:36 | MapleMilk0_0 · first_building Barracks |
| 31:54 | Creavite · first_building Stable |
| 32:09 | Terror Belli · age_up imperial |
| 32:51 | MapleMilk0_0 · first_building Archery Range |
| 33:11 | Terror Belli · first_building Castle |
| 33:18 | MapleMilk0_0 · first_building Castle |
| 33:32 | Mokkoronina · age_up imperial |
| 33:51 | yuansen · first_market_sell 500 stone |
| 34:15 | yuansen · age_up imperial |
| 34:22 | Creavite · first_building Castle |
| 35:04 | FELADAPUTAAN · age_up imperial |
| 35:32 | Mokkoronina · first_building Barracks |
| 35:36 | carlosperez.cpe · first_building Siege Workshop |
| 35:38 | Mokkoronina · first_building Siege Workshop |
| 36:55 | MapleMilk0_0 · first_building Siege Workshop |
| 38:57 | Mokkoronina · first_building Stable |
| 41:03 | Mokkoronina · first_building Castle |
| 41:04 | Sigit4n · age_up imperial |
| 41:09 | MapleMilk0_0 · first_building Stable |
| 43:08 | Sigit4n · first_building Siege Workshop |
| 44:05 | FELADAPUTAAN · tribute_sent a jugador 1 |
| 44:05 | FELADAPUTAAN · tribute_sent a jugador 2 |
| 44:05 | FELADAPUTAAN · tribute_sent a jugador 3 |
| 44:05 | FELADAPUTAAN · tribute_sent a jugador 4 |
| 44:06 | FELADAPUTAAN · tribute_sent a jugador 5 |
| 44:06 | FELADAPUTAAN · tribute_sent a jugador 6 |
| 44:06 | FELADAPUTAAN · tribute_sent a jugador 7 |
| 44:37 | FELADAPUTAAN · tribute_sent a jugador 1 |
| 44:37 | FELADAPUTAAN · tribute_sent a jugador 2 |
| 44:37 | FELADAPUTAAN · tribute_sent a jugador 3 |
| 44:37 | FELADAPUTAAN · tribute_sent a jugador 4 |
| 44:37 | FELADAPUTAAN · tribute_sent a jugador 5 |
| 44:37 | FELADAPUTAAN · tribute_sent a jugador 6 |
| 44:37 | FELADAPUTAAN · tribute_sent a jugador 7 |
| 45:38 | carlosperez.cpe · first_building Castle |
| 47:44 | FELADAPUTAAN · tribute_sent a jugador 1 |
| 47:44 | FELADAPUTAAN · tribute_sent a jugador 2 |
| 47:44 | FELADAPUTAAN · tribute_sent a jugador 3 |
| 47:44 | FELADAPUTAAN · tribute_sent a jugador 4 |
| 47:44 | FELADAPUTAAN · tribute_sent a jugador 5 |
| 47:44 | FELADAPUTAAN · tribute_sent a jugador 6 |
| 47:44 | FELADAPUTAAN · tribute_sent a jugador 7 |
| 50:15 | FELADAPUTAAN · tribute_sent a jugador 1 |
| 50:15 | FELADAPUTAAN · tribute_sent a jugador 2 |
| 50:15 | FELADAPUTAAN · tribute_sent a jugador 3 |
| 50:15 | FELADAPUTAAN · tribute_sent a jugador 4 |
| 50:15 | FELADAPUTAAN · tribute_sent a jugador 5 |
| 50:15 | FELADAPUTAAN · tribute_sent a jugador 6 |
| 50:15 | FELADAPUTAAN · tribute_sent a jugador 7 |
| 51:20 | yuansen · first_market_buy 500 food |
| 51:47 | FELADAPUTAAN · tribute_sent a jugador 1 |
| 51:47 | FELADAPUTAAN · tribute_sent a jugador 2 |
| 51:47 | FELADAPUTAAN · tribute_sent a jugador 3 |
| 51:47 | FELADAPUTAAN · tribute_sent a jugador 4 |
| 51:47 | FELADAPUTAAN · tribute_sent a jugador 5 |
| 51:47 | FELADAPUTAAN · tribute_sent a jugador 6 |
| 51:47 | FELADAPUTAAN · tribute_sent a jugador 7 |
| 54:45 | FELADAPUTAAN · tribute_sent a jugador 1 |
| 54:45 | FELADAPUTAAN · tribute_sent a jugador 2 |
| 54:45 | FELADAPUTAAN · tribute_sent a jugador 3 |
| 54:45 | FELADAPUTAAN · tribute_sent a jugador 4 |
| 54:45 | FELADAPUTAAN · tribute_sent a jugador 5 |
| 54:45 | FELADAPUTAAN · tribute_sent a jugador 6 |
| 54:45 | FELADAPUTAAN · tribute_sent a jugador 7 |
| 56:41 | carlosperez.cpe · tribute_sent a jugador 1 |
| 56:41 | carlosperez.cpe · tribute_sent a jugador 2 |
| 56:41 | carlosperez.cpe · tribute_sent a jugador 3 |
| 56:41 | carlosperez.cpe · tribute_sent a jugador 5 |
| 56:41 | carlosperez.cpe · tribute_sent a jugador 6 |
| 56:41 | carlosperez.cpe · tribute_sent a jugador 7 |
| 56:41 | carlosperez.cpe · tribute_sent a jugador 8 |
| 56:58 | FELADAPUTAAN · tribute_sent a jugador 1 |
| 56:58 | FELADAPUTAAN · tribute_sent a jugador 2 |
| 56:58 | FELADAPUTAAN · tribute_sent a jugador 3 |
| 56:58 | FELADAPUTAAN · tribute_sent a jugador 4 |
| 56:58 | FELADAPUTAAN · tribute_sent a jugador 5 |
| 56:58 | FELADAPUTAAN · tribute_sent a jugador 6 |
| 56:58 | FELADAPUTAAN · tribute_sent a jugador 7 |
| 57:13 | MapleMilk0_0 · tribute_sent a jugador 1 |
| 57:13 | MapleMilk0_0 · tribute_sent a jugador 3 |
| 57:13 | MapleMilk0_0 · tribute_sent a jugador 4 |
| 57:13 | MapleMilk0_0 · tribute_sent a jugador 5 |
| 57:13 | MapleMilk0_0 · tribute_sent a jugador 6 |
| 57:13 | MapleMilk0_0 · tribute_sent a jugador 7 |
| 57:13 | MapleMilk0_0 · tribute_sent a jugador 8 |
| 60:54 | FELADAPUTAAN · tribute_sent a jugador 1 |
| 60:54 | FELADAPUTAAN · tribute_sent a jugador 2 |
| 60:54 | FELADAPUTAAN · tribute_sent a jugador 3 |
| 60:54 | FELADAPUTAAN · tribute_sent a jugador 4 |
| 60:54 | FELADAPUTAAN · tribute_sent a jugador 5 |
| 60:54 | FELADAPUTAAN · tribute_sent a jugador 6 |
| 60:54 | FELADAPUTAAN · tribute_sent a jugador 7 |
| 64:25 | carlosperez.cpe · resign |
[ ANÁLISIS IA · 1 CRÉDITO ]
¿Qué pasó realmente en esta partida?
Wolo.gg analiza cada decisión: build order, eco, micro, errores típicos por bracket. Análisis personalizado por WhatsApp o Discord en 30 segundos.
Guía civ
Indostaníes
Guía mapa
Amazon Tunnel
Perfil
Creavite